 Dungeon Sprint DCSS version 0.22.2-1-ge965b3a (webtiles) character file.

3600000 Fang the Conqueror (level 20, -5/197 HPs)
             Began as a Demonspawn Gladiator on June 3, 2019.
             Was a High Priest of Makhleb.
             Slain by a bag of meat
             ... wielding a +9 war axe
              (27 damage)
             ... in the Dungeon (Sprint VIII: "Arena of Blood").
             The game lasted 00:00:48 (36 turns).

Fang the Conqueror (Demonspawn Gladiator)             Turns: 36, Time: 00:00:49

Health: -5/197     AC:  8    Str: 23    XL:     20   Next: 80%
Magic:  20/43      EV: 32    Int:  9    God:    Makhleb [*****.]
Gold:   0          SH:  0    Dex: 16    Spells: 58/58 levels left

rFire    + . .     SeeInvis +   l - +∞ Axe of Woe
rCold    . . .     Gourm    .   (shield currently unavailable)
rNeg     . . .     Faith    .   b - +0 leather armour
rPois    .         Spirit   .   (helmet unavailable)
rElec    .         Reflect  .   (no cloak)
rCorr    .         Harm     .   (no gloves)
MR       +....     NoTele   +   (no boots)
Stlth    ++++++++..             (no amulet)
HPRegen  0.42/turn              (no ring)
MPRegen  0.28/turn              (no ring)

@: no status effects
A: antennae 3, molten scales 2, demonic guardian 2, fire resistance 1, spiny 3
a: Minor Destruction, Lesser Servant of Makhleb, Major Destruction, Greater
Servant of Makhleb, Renounce Religion


You were in the Dungeon.
You worshipped Makhleb.
Makhleb was extremely pleased with you.
You were not hungry.

You visited 1 branch

Inventory:

Hand Weapons
 a - a +0 war axe
 l - the +∞ Axe of Woe (weapon)
   (You found it in the Dungeon)
Missiles
 d - 3 throwing nets (quivered)
Armour
 b - a +0 leather armour (worn)
 c - a +0 helmet
Scrolls
 k - a scroll of blinking
Potions
 e - a potion of curing
 g - a potion of heal wounds
 h - a potion of haste
 i - 2 potions of magic
 j - a potion of berserk rage
Comestibles
 f - a ration


   Skills:
 O Level 27 Fighting
 O Level 27 Axes
 O Level 27 Throwing
 + Level 19.9 Armour
 O Level 27 Dodging
 + Level 21.3 Stealth
 + Level 19.9 Unarmed Combat
 + Level 19.9 Spellcasting
 + Level 26.2 Invocations


You had 58 spell levels left.
You didn't know any spells.
Your spell library was empty.

Dungeon Overview and Level Annotations

Branches:
Dungeon (1/1)

Altars:
Makhleb


Innate Abilities, Weirdness & Mutations

You have a pair of large antennae on your head. (SInv)
You are mostly covered in molten scales. (AC +3)
A demonic guardian rushes to your aid.
Your flesh is heat resistant. (rF+)
You are completely covered in sharp spines.


Message History

Your Invocations skill increases to level 26!
You are engulfed in blazing flames.
You resist.
You hear a shout! x4
The eight-headed meat hydra calls on the powers of darkness!
The eight-headed meat hydra convulses!
The bag of meat convulses!
Your body is wracked with pain!
* * * LOW HITPOINT WARNING * * *
You hear a shout! x3
A meat berserker comes into view. It is wielding a +9 battleaxe.
You hear a shout! x5
You hear a shout! x7
The eight-headed meat hydra calls on the powers of darkness!
The eight-headed meat hydra convulses!
The bag of meat convulses!
Your body is wracked with pain!
* * * LOW HITPOINT WARNING * * *
The meat berserker convulses!
You hear a shout!
The bag of meat is struck by your spines.
The bag of meat hits you with a +9 war axe!!
You die...

.........
.........
#{......# .
#.......# ..
..###... ...###...
......###D.......
......_)))......
..#.§§§o#......
#_§§§@# .....
#.§)..# ....
.......)_.........
...O...###....z...
..###... ...###...
. #... ...# { .
#... ...#
......... ....


You could see an eight-headed meat hydra, a meat berserker (berserk) and a bag
of meat.

Vanquished Creatures
  A vampire knight (D)
  7 ogres (D)
  A two-headed ogre (D)
  12 orcs (D)
21 creatures vanquished.

Notes
Turn   | Place    | Note
-------+----------+-------------------------------------------
     0 | D        | Found the +∞ Axe of Woe
     0 | D        | Fang the Demonspawn Gladiator began the quest for the Orb.
     0 | D        | Reached XP level 1. HP: 16/16 MP: 1/1
     4 | D        | Became a worshipper of Makhleb the Destroyer
     6 | D        | Noticed a bag of meat
     7 | D        | Noticed a bag of meat
     8 | D        | Noticed a bag of meat
     9 | D        | Noticed a bag of meat
    10 | D        | Killed a bag of meat
    10 | D        | Gained mutation: You are partially covered in molten
                  | scales. (AC +2) [demonic ancestry]
    10 | D        | Reached XP level 2. HP: 43/43 MP: 2/2
    10 | D        | Reached XP level 3. HP: 49/49 MP: 3/3
    10 | D        | Gained mutation: A weak demonic guardian rushes to your
                  | aid. [demonic ancestry]
    10 | D        | Reached XP level 4. HP: 56/56 MP: 4/4
    10 | D        | Reached XP level 5. HP: 62/62 MP: 5/5
    10 | D        | Gained mutation: You are partially covered in sharp spines.
                  | [demonic ancestry]
    10 | D        | Reached XP level 6. HP: 69/69 MP: 6/6
    10 | D        | Reached XP level 7. HP: 75/75 MP: 7/7
    10 | D        | Gained mutation: You have a pair of small antennae on your
                  | head. [demonic ancestry]
    10 | D        | Reached XP level 8. HP: 82/82 MP: 8/8
    10 | D        | Reached XP level 9. HP: 88/88 MP: 9/9
    10 | D        | Gained mutation: You have a pair of antennae on your head.
                  | [demonic ancestry]
    10 | D        | Reached XP level 10. HP: 95/95 MP: 10/10
    10 | D        | Reached XP level 11. HP: 101/101 MP: 11/11
    10 | D        | Noticed a bag of meat
    11 | D        | Killed a bag of meat
    11 | D        | Reached * piety under Makhleb
    11 | D        | Reached skill level 15 in Axes
    11 | D        | Reached skill level 15 in Throwing
    11 | D        | Reached skill level 15 in Dodging
    11 | D        | Reached XP level 12. HP: 113/113 MP: 12/12
    12 | D        | Killed a bag of meat
    12 | D        | Gained mutation: You have a pair of large antennae on your
                  | head. (SInv) [demonic ancestry]
    12 | D        | Reached XP level 13. HP: 122/122 MP: 13/13
    13 | D        | Killed a bag of meat
    13 | D        | Reached XP level 14. HP: 133/133 MP: 14/14
    13 | D        | Killed a bag of meat
    13 | D        | Reached ** piety under Makhleb
    13 | D        | Noticed a bag of meat
    15 | D        | Killed a bag of meat
    15 | D        | Gained mutation: You are mostly covered in sharp spines.
                  | [demonic ancestry]
    15 | D        | Reached XP level 15. HP: 144/144 MP: 15/15
    15 | D        | Noticed a meat berserker
    17 | D        | Noticed a meat berserker
    18 | D        | Killed a meat berserker
    18 | D        | Noticed a meat berserker
    20 | D        | Gained mutation: You are mostly covered in molten scales.
                  | (AC +3) [demonic ancestry]
    20 | D        | Reached XP level 16. HP: 157/157 MP: 16/16
    20 | D        | Noticed a meat berserker
    21 | D        | Noticed a meat berserker
    22 | D        | Killed a meat berserker
    22 | D        | Reached *** piety under Makhleb
    22 | D        | Noticed a meat berserker
    23 | D        | Noticed a destroyer
    24 | D        | Killed a meat berserker
    24 | D        | Gained mutation: A demonic guardian rushes to your aid.
                  | [demonic ancestry]
    24 | D        | Reached XP level 17. HP: 171/171 MP: 17/17
    25 | D        | Killed a meat berserker
    25 | D        | Reached skill level 27 in Fighting
    25 | D        | Killed a meat berserker
    25 | D        | Reached **** piety under Makhleb
    25 | D        | Reached skill level 27 in Axes
    25 | D        | Reached skill level 27 in Throwing
    25 | D        | Reached skill level 27 in Dodging
    25 | D        | Reached skill level 1 in Invocations
    25 | D        | Gained mutation: You are completely covered in sharp
                  | spines. [demonic ancestry]
    25 | D        | Reached XP level 18. HP: 182/182 MP: 18/18
    27 | D        | Killed a destroyer
    27 | D        | Reached skill level 15 in Invocations
    27 | D        | Reached XP level 19. HP: 59/189 MP: 18/34
    28 | D        | Noticed a meat berserker
    29 | D        | Killed a meat berserker
    29 | D        | Reached ***** piety under Makhleb
    29 | D        | Reached skill level 15 in Armour
    29 | D        | Reached skill level 15 in Unarmed Combat
    29 | D        | Reached skill level 15 in Spellcasting
    29 | D        | Noticed a large bag of meat
    29 | D        | Noticed an eight-headed meat hydra
    31 | D        | Gained mutation: Your flesh is heat resistant. (rF+)
                  | [demonic ancestry]
    31 | D        | Reached XP level 20. HP: 197/197 MP: 19/40
    31 | D        | Killed a meat berserker
    33 | D        | Noticed a large bag of meat
    35 | D        | Killed a large bag of meat
    35 | D        | Noticed a meat berserker
    36 | D        | Slain by a bag of meat

Skill      XL: |  1  2  3  4  5  6  7  8  9 10 11 12 13 14 15 16 17 18 19 20 |
---------------+-------------------------------------------------------------+-----
Fighting       | 14 16 18 19 21 23 26 27 | 27.0
Axes           | 13 15 17 18 19 22 24 27 | 27.0
Throwing       | 13 15 16 18 19 21 24 27 | 27.0
Dodging        | 13 15 17 18 19 22 24 27 | 27.0
Invocations    | 1 15 22 26 | 26.2
Armour         | 11 16 19 | 19.9
Stealth        | 12 18 21 | 21.3
Unarmed Combat | 11 16 19 | 19.9
Spellcasting   | 11 16 19 | 19.9

Action                   |  1- 3 |  4- 6 |  7- 9 | 10-12 | 13-15 | 16-18 | 19-21 || total
-------------------------+-------+-------+-------+-------+-------+-------+-------++-------
Melee: Executioner's axe |     1 |       |       |     2 |     4 |     4 |     5 ||    16
